 Dungeon Crawl Stone Soup version 0.28-a0-863-g8cecda6153 (webtiles) character file.

Game seed: 4668908028629021069

35 sanka the Skirmisher (level 3, -3/31 HPs)
             Began as a Palentonga Abyssal Knight on Nov 17, 2021.
             Was a Believer of Lugonu.
             Slain by a white imp (4 damage)
             ... summoned by Natasha
             ... on level 2 of the Dungeon.
             The game lasted 00:02:14 (1384 turns).

sanka the Skirmisher (Palentonga Abyssal Knight)    Turns: 1384, Time: 00:02:15

Health: -3/31      AC:  4    Str: 17    XL:     3   Next: 16%
Magic:  4/4        EV:  9    Int: 16    God:    Lugonu [**....]
Gold:   8          SH:  0    Dex: 10    Spells: 2/2 levels left

rFire   . . .      SeeInvis +   a - +1 hand axe
rCold   . . .      Faith    .   (no shield)
rNeg    . . .      Spirit   .   b - +0 leather armour
rPois   .          Reflect  .   (no helmet)
rElec   .          Harm     .   (no cloak)
rCorr   .          Rampage  .   (no gloves)
Will    .....                   (no barding)
Stlth   +.........              (no amulet)
HPRegen 0.10/turn               (no ring)
MPRegen 0.09/turn               d - +6 ring of intelligence

@: no status effects
A: large, rugged brown scales 3, see invisible, deformed body, roll 1, armoured
tail
a: Rolling Charge, Renounce Religion, Depart the Abyss, Bend Space


You were on level 2 of the Dungeon.
You worshipped Lugonu.
Lugonu was pleased with you.
You visited 1 branch of the dungeon, and saw 2 of its levels.
You visited the Abyss 1 time.

You collected 8 gold pieces.


Innate Abilities, Weirdness & Mutations

You are completely covered in rugged brown scales. (AC +3, +7% HP)
You have supernaturally acute eyesight. (SInv)
Armour fits poorly on your strangely shaped body.
You can roll at nearby foes to attack.
You have a long armoured tail.


   Skills:
 + Level 3.2 Fighting
 + Level 2.4 Axes
 + Level 1.9 Armour
 + Level 1.2 Dodging
 + Level 2.4 Invocations


You had 2 spell levels left.
You didn't know any spells.
Your spell library was empty.

Inventory:

Hand Weapons
 a - a +1 hand axe (weapon)
Armour
 b - a +0 leather armour (worn)
Jewellery
 d - a +6 ring of intelligence (right hand)
Scrolls
 c - 2 scrolls of noise {unknown}
 e - a scroll of teleportation {unknown}
 i - a scroll of magic mapping {unknown}
Potions
 f - a potion of haste {unknown}
 g - a potion of invisibility {unknown}
 j - a potion of lignification {unknown}

Dungeon Overview and Level Annotations

Branches:
Dungeon (2/15)

Altars:

Annotations:
D:2 Natasha

▒▒▒▒▒▒▒▒▒▒▒ ..........▒
.....▒ ..h.......▒ .....▒
..........▒▒▒▒▒ .....▒
............... .....▒
...............
.....▒▒▒▒▒▒▒▒▒▒▒▒h.......
................H5.......
.........>.....55........
...............).........
▒▒▒▒)....................
▒▒▒▒.†.......▒.▒.........
▒<▒▒▒'▒▒.▒▒▒.▒.▒.▒▒▒▒▒▒▒+
).†...▒▒.▒ ▒.▒.▒.▒
......▒▒.▒ ▒.▒.▒.▒
......▒▒.▒ ▒......


You could see Natasha, a crimson imp (summoned) and 2 white imps.


Message History

The crimson imp hits you.
* * * LOW HITPOINT WARNING * * *
Natasha closely misses you. The white imp misses you.
You hit Natasha.
Natasha is severely wounded.
You hit the white imp. You hit the white imp. You hit the crimson imp.
The white imp closely misses you. The crimson imp barely misses you.
Natasha claws you.
* * * LOW HITPOINT WARNING * * *
The white imp hits you.
* * * LOW HITPOINT WARNING * * *
The white imp freezes you.
* * * LOW HITPOINT WARNING * * *
You barely miss Natasha.
Natasha is severely wounded.
You barely miss the crimson imp. You hit the white imp but do no damage.
You hit the white imp. The white imp closely misses you.
The crimson imp barely misses you. Natasha closely misses you.
The white imp hits you but does no damage.
The white imp hits you.
* * * LOW HITPOINT WARNING * * *
The white imp freezes you.
You die...

Action                   || total
-------------------------++-------
Melee: Hand axe          ||   103
       Tailslap          ||     6
 Abil: Rolling Charge    ||     1
  Use: Potion            ||     2
Armor: Leather armour    ||    61
Dodge: Dodged            ||    71

Levels and vault maps discovered:
D:1:      lemuel_arrival_cross, layout_loops_corners, minmay_lizard_pond
D:2:      layout_basic, uniq_robin, uniq_jessica, uniq_natasha

Notes
Turn   | Place    | Note
-------+----------+-------------------------------------------
     0 | Abyss:1  | sanka the Palentonga Abyssal Knight began the quest for the
                  | Orb.
     0 | Abyss:1  | Reached XP level 1. HP: 19/19 MP: 2/2
     8 | D:1      | Escaped the Abyss
   186 | D:1      | Reached skill level 1 in Dodging
   193 | D:1      | Reached XP level 2. HP: 22/25 MP: 3/3
  1221 | D:2      | Reached XP level 3. HP: 25/31 MP: 4/4
  1222 | D:2      | Reached ** piety under Lugonu
  1368 | D:2      | Noticed Natasha
  1380 | D:2      | HP: 2/31 [Natasha (8)]
  1384 | D:2      | Slain by a white imp

Vanquished Creatures
  3 ball pythons (D:1)
  3 giant cockroaches
  3 goblins (D:2)
  A hobgoblin (D:1)
  3 kobolds
  5 quokkas
  7 bats (D:1)
  6 frilled lizards
  2 rats (D:1)
33 creatures vanquished.
